 Dungeon Sprint DCSS version 0.28-a0-1389-gc726bef33b (webtiles) character file.

Game seed: 4920758675721441197

23396 GainsdalftheGwei the Peltast (level 12, -10/103 HPs)
             Began as a Minotaur Gladiator on Jan 3, 2022.
             Was the Champion of Makhleb.
             Killed from afar by a crystal guardian (40 damage)
             ... with a crystal bolt
             ... in the Dungeon (Sprint V: "Ziggurat Sprint").
             The game lasted 00:09:51 (1280 turns).

GainsdalftheGwei the Peltast (Minotaur Gladiator)   Turns: 1280, Time: 00:09:52

Health: -10/103    AC: 37    Str: 26    XL:     12   Next: 71%
Magic:  18/18      EV:  9    Int:  5    God:    Makhleb [******]
Gold:   0          SH: 33    Dex: 16    Spells: 11/11 levels left

rFire   . . .      SeeInvis .   F - +6 shillelagh "Devastator" {shatter}
rCold   . . .      Faith    .   J - +18 shield of the Gong {rElec rN+ Will+ EV-5}
rNeg    + . .      Spirit   .   I - +15 Maxwell's patent armour {-Cast -Tele rElec Will+ rCorr}
rPois   .          Reflect  .   c - +0 hat
rElec   +          Harm     .   (no cloak)
rCorr   +          Rampage  .   (no gloves)
Will    ++...      Rage     3%  (no boots)
Stlth   .......... NoTele   +   (no amulet)
HPRegen 0.27/turn  NoCast   +   a - ring of the Tortoise {AC+8}
MPRegen 0.16/turn               D - +6 ring of strength

@: hasted, unable to read, very quick
A: horns 2, retaliatory headbutt, berserk 2, frail 1, inability to read while
threatened
a: Renounce Religion, Minor Destruction, Lesser Servant of Makhleb, Major
Destruction, Greater Servant of Makhleb


You were in the Dungeon.
You worshipped Makhleb.
Makhleb was exalted by your worship.
You visited 1 branch

Inventory:

Hand Weapons
 y - the +9 hand axe of Woettydgh {distort, rElec rPois rN+ MP-9}
   (You found it in the Dungeon)

   It warps and distorts space around it, and may blink, banish, or inflict
   extra damage upon those it strikes.
   Unwielding it can cause banishment or high damage.
   rElec:     It insulates you from electricity.
   rPois:     It protects you from poison.
   rN:        It protects you from negative energy.
   MP:        It affects your magic capacity (-9).
 F - the +6 shillelagh "Devastator" (weapon) {shatter}
   (You found it in the Dungeon)

   It releases a powerful concussive burst when it strikes, dealing extra damage
   to the target and all other foes adjacent to them.
 G - a +4 scimitar of flaming
Missiles
 d - 3 throwing nets (quivered)
Armour
 c - a +0 hat (worn)
 I - the +15 Maxwell's patent armour (worn) {-Cast -Tele rElec Will+ rCorr}
   (You found it in the Dungeon)

   rElec:     It insulates you from electricity.
   -Cast:     It prevents spellcasting.
   -Tele:     It prevents most forms of teleportation.
   rCorr:     It protects you from acid and corrosion.
   Will:      It increases your willpower.
 J - the +18 shield of the Gong (worn) {rElec rN+ Will+ EV-5}
   (You found it in the Dungeon)

   It is deafeningly noisy when blocking attacks.
   EV:        It affects your evasion (-5).
   rElec:     It insulates you from electricity.
   rN:        It protects you from negative energy.
   Will:      It increases your willpower.
 K - +5 gold dragon scales
Jewellery
 a - the ring of the Tortoise (left hand) {AC+8}
   (You found it in the Dungeon)

   [ring of protection]

   AC:        It affects your AC (+8).
 A - a +6 ring of intelligence
 B - a +6 ring of intelligence
 C - a +6 ring of strength
 D - a +6 ring of strength (right hand)
 L - a ring of wizardry
 M - a ring of protection from fire
Wands
 u - a wand of mindburst (7)
 v - a wand of iceblast (2)
 w - a wand of acid (7)
Scrolls
 j - 4 scrolls of blinking
 n - a scroll of brand weapon
 p - 4 scrolls of amnesia
 q - 7 scrolls of fog
 r - a scroll of holy word
 s - 5 scrolls of identify
 t - 2 scrolls of fear
 H - 4 scrolls of enchant armour
Potions
 e - 9 potions of curing
 f - 7 potions of heal wounds
 g - 9 potions of haste
 h - 7 potions of magic
 i - 3 potions of berserk rage
 k - 2 potions of brilliance
 l - 2 potions of invisibility
 m - 4 potions of resistance
 o - 5 potions of might
Miscellaneous
 b - a phial of floods
 x - a tin of tremorstones (2/2)
 z - a piece from Xom's chessboard (15/15)
 E - a lightning rod (4/4)
 N - a condenser vane (inert)


   Skills:
 * Level 13.0 Fighting
 + Level 0.3(0.4) Short Blades
 + Level 0.3(0.5) Long Blades
 + Level 0.9(12.2) Axes
 * Level 18.6 Maces & Flails
 + Level 0.3(0.8) Polearms
 + Level 0.3(12.2) Staves
 + Level 0.8(4.4) Slings
 + Level 0.8 Bows
 + Level 0.3 Crossbows
 + Level 6.4 Throwing
 + Level 10.7 Armour
 + Level 14.2 Dodging
 + Level 0.5 Stealth
 * Level 19.7 Shields
 + Level 0.3 Unarmed Combat
 + Level 0.3 Spellcasting
 + Level 0.1 Conjurations
 + Level 0.1 Hexes
 + Level 0.1 Summonings
 + Level 0.1 Necromancy
 + Level 0.4 Translocations
 + Level 0.1 Transmutations
 + Level 0.4 Fire Magic
 + Level 0.1 Ice Magic
 + Level 0.1 Air Magic
 + Level 0.1 Earth Magic
 + Level 0.1 Poison Magic
 + Level 9.9 Invocations
 * Level 3.2 Evocations


You had 11 spell levels left.
You didn't know any spells.
Your spell library contained the following spells:

 Spells                   Type           Power      Damage    Failure   Level
 Beastly Appendage        Tmut           0%         N/A       99%         1
 Blink                    Tloc           0%         N/A       99%         2
 Corpse Rot               Necr/Air       0%         N/A       100%        2
 Static Discharge         Conj/Air       0%         N/A       100%        2
 Sublimation of Blood     Necr           0%         N/A       100%        2
 Wereblood                Tmut           0%         N/A       100%        2
 Conjure Flame            Conj/Fire      0%         6-21      100%        3
 Ignite Poison            Fire/Tmut/Pois 0%         N/A       100%        3
 Spider Form              Tmut/Pois      0%         N/A       100%        3
 Sticky Flame             Conj/Fire      0%         2d3       100%        4
 Blade Hands              Tmut           0%         N/A       100%        5
 Fireball                 Conj/Fire      0%         3d3       100%        5
 Irradiate                Conj/Tmut      0%         3d14      100%        5
 Manifold Assault         Tloc           0%         N/A       100%        5
 Conjure Ball Lightning   Conj/Air       0%         3x3d6     100%        6
 Starburst                Conj/Fire      0%         6d3       100%        6
 Dragon Form              Tmut           0%         N/A       100%        7
 Storm Form               Tmut/Air       0%         N/A       100%        7
 Summon Hydra             Summ           0%         N/A       100%        7
 Ignition                 Fire           0%         3d3       100%        8
 Chain Lightning          Conj/Air       0%         N/A       100%        9


Dungeon Overview and Level Annotations

Branches:
Dungeon (1/1)

Altars:
Ashenzari
Cheibriados
Dithmenos
Elyvilon
Fedhas
Gozag
Hepliaklqana
Kikubaaqudgha
Makhleb
Nemelex Xobeh
Okawaru
Qazlal
Ru
Sif Muna
Trog
Uskayaw
Vehumet
Wu Jian
Xom
Yredelemnul
Zin
The Shining One
Beogh
Jiyva
Lugonu


Innate Abilities, Weirdness & Mutations

You have a pair of horns on your head.
You reflexively headbutt those who attack you in melee.
You often lose your temper in combat.
You are frail. (-10% HP)
You sometimes lose the ability to read scrolls when taking damage.


Message History

A gargoyle, 2 crystal guardians and 2 earth elementals come into view.
Found five items.
The crystal guardian fires a crystalline bolt at you.
The crystal bolt burns you!!!
The crystal guardian fires a crystalline bolt at you.
The crystal bolt misses you.
The crystal guardian fires a crystalline bolt at you.
The crystal bolt freezes the earth elemental.
The earth elemental completely resists.
The crystal bolt freezes the iron golem but does no damage.
The crystal bolt freezes you!!
You feel threatened and lose the ability to read scrolls!
You feel yourself speed up.
The crystal guardian fires a crystalline bolt at you.
The crystal bolt freezes you!!
* * * LOW HITPOINT WARNING * * *
The crystal guardian glitters, brittle, in the dim dungeon light.
Unknown command.
A demon appears!
It doesn't seem very happy.
The crystal guardian fires a crystalline bolt at you.
The crystal bolt burns the iron golem.
The iron golem completely resists.
The crystal bolt burns you.
* * * LOW HITPOINT WARNING * * *
You feel much better.
Unknown command.
Hit: F) +6 shillelagh "Devastator" {shatter}
Press: ? - help, Dir - move target, f - iron golem
Aim: an iron golem (about 13% to evade the +6 shillelagh "Devastator")
Okay, then.
Clouds of freezing vapour condense around you!
The condenser dries out!
The gargoyle is engulfed in freezing vapours.
The crystal guardian fires a crystalline bolt at you.
You hear a sizzling sound!
The green death is engulfed in freezing vapours.
The crystal guardian fires a crystalline bolt at you.
The crystal bolt freezes the iron golem.
The iron golem completely resists.
The crystal bolt freezes you!!!
You die...

▓...8©8...▓
▓..))||)..▓..))[....▓
▓..)|)}|..▓...)))[..▓
▓..§§§§§§.▓.........▓
▓..§E§§9§§▓.........▓
▓..§E9§§9§▓....†....▓
▓..§§9E9§§▓.....†...▓
▓...§§992§▓.▓.....▓.▓
▓....§§@§.▓....©†...▓
▓....©....▓▓▓▓▓▓▓▓▓▓▓
▓▓▓▓▓▓▓▓▓▓▓


You could see 3 iron golems, a green death (summoned), 3 crystal guardians, 3
earth elementals and a gargoyle.

Vanquished Creatures
  3 two-headed ogres (D)
  5 dancing weapons (D)
  3 deep elf knights (D)
  A fire crab (shapeshifter) (D)
  2 deep elf archers (D)
  A deep elf zephyrmancer (D)
  3 deep elf pyromancers (D)
  A shining eye (D)
  An orc sorcerer (D)
  A cane toad (D)
  A komodo dragon (D)
  3 efreet (D)
  2 trolls (D)
  A wind drake (shapeshifter) (D)
  An air elemental (D)
  3 neqoxecs (D)
  A basilisk (D)
  A yak (D)
  A fire elemental (D)
  3 hell hounds (D)
  A floating eye (shapeshifter) (D)
  A black bear (shapeshifter) (D)
  3 black bears (D)
  2 ogres (D)
  4 wolves (D)
  A small abomination (D)
  A bullfrog (D)
  2 iguanas (D)
53 creatures vanquished.

Vanquished Creatures (others)
  A water elemental (D)
1 creature vanquished.

Grand Total: 54 creatures vanquished

Notes
Turn   | Place    | Note
-------+----------+-------------------------------------------
     0 | D        | GainsdalftheGwei the Minotaur Gladiator began the quest for
                  | the Orb.
     0 | D        | Reached XP level 1. HP: 18/18 MP: 0/0
     0 | D        | Found a shimmering blue altar of Sif Muna.
     0 | D        | Found a bloodstained altar of Trog.
     0 | D        | Found a sacrificial altar of Ru.
     0 | D        | Found a stormy altar of Qazlal.
     0 | D        | Found an iron altar of Okawaru.
     1 | D        | Found a sparkling altar of Nemelex Xobeh.
     1 | D        | Found a blossoming altar of Fedhas.
     1 | D        | Found the +6 Majin-Bo {vamp, MP+6 Int+6}
     1 | D        | Found the +9 heavy crossbow "Sniper" {vorpal, Acc+∞ SInv}
     1 | D        | Found the +10 dark maul {vorpal}
     1 | D        | Found the +15 Maxwell's patent armour {-Cast -Tele rElec
                  | Will+ rCorr}
     1 | D        | Found the +18 shield of the Gong {rElec rN+ Will+ EV-5}
     1 | D        | Found the +14 obsidian axe {vorpal, Mesm Drain Fly SInv}
     1 | D        | Found the +7 great mace "Firestarter" {inner flame, rF++}
     1 | D        | Found the +6 shillelagh "Devastator" {shatter}
     1 | D        | Found the +11 plutonium sword {Contam Stlth-}
     1 | D        | Found the +8 lance "Wyrmbane" {slay drac, rPois rF+ rC+
                  | AC+3}
     1 | D        | Found the +9 sword of Zonguldrok {reap}
     1 | D        | Found the +13 scythe of Curses {drain, Drain}
     1 | D        | Found the +5 sword of Power {vorpal}
     1 | D        | Found the +7 mace of Variability {chain chaos}
     1 | D        | Found the +7 Singing Sword {vorpal, sonic wave}
     1 | D        | Found the +8 storm bow {elec, penet}
     3 | D        | Found a transporter.
     3 | D        | Found an ancient bone altar of Kikubaaqudgha.
     3 | D        | Found a viscous altar of Jiyva.
     3 | D        | Found a corrupted altar of Lugonu.
     3 | D        | Found a hazy altar of Hepliaklqana.
     3 | D        | Found a burning altar of Makhleb.
     3 | D        | Found an opulent altar of Gozag.
   102 | D        | Became a worshipper of Makhleb the Destroyer
   110 | D        | Entered arena 2.
   110 | D        | Noticed a neqoxec
   110 | D        | Noticed a small abomination
   110 | D        | Found a transporter.
   111 | D        | Killed a small abomination
   112 | D        | Reached XP level 2. HP: 27/27 MP: 1/1
   112 | D        | Reached XP level 3. HP: 33/33 MP: 2/2
   114 | D        | Gained mutation: You are frail. (-10% HP) [a neqoxec]
   114 | D        | Gained mutation: You sometimes lose the ability to read
                  | scrolls when taking damage. [a neqoxec]
   115 | D        | Killed a neqoxec
   116 | D        | Reached skill level 5 in Fighting
   116 | D        | Reached XP level 4. HP: 37/37 MP: 3/3
   116 | D        | Reached XP level 5. HP: 43/43 MP: 4/4
   121 | D        | Entered arena 3.
   121 | D        | Noticed a troll
   121 | D        | Noticed an ogre
   121 | D        | Noticed a two-headed ogre
   121 | D        | Found a transporter.
   126 | D        | Killed a troll
   126 | D        | Reached * piety under Makhleb
   126 | D        | Killed an ogre
   127 | D        | Reached skill level 3 in Shields
   127 | D        | Reached XP level 6. HP: 50/52 MP: 4/6
   128 | D        | Killed a two-headed ogre
   129 | D        | Reached skill level 5 in Throwing
   129 | D        | Reached skill level 4 in Shields
   129 | D        | Reached XP level 7. HP: 59/59 MP: 4/8
   129 | D        | Reached XP level 8. HP: 65/65 MP: 4/9
   142 | D        | Entered arena 4.
   142 | D        | Noticed a deep elf pyromancer
   142 | D        | Noticed an orc sorcerer
   142 | D        | Noticed a deep elf zephyrmancer
   142 | D        | Noticed a +1 battleaxe of venom
   142 | D        | Found a transporter.
   146 | D        | Killed an orc sorcerer
   146 | D        | Reached ** piety under Makhleb
   147 | D        | Reached skill level 5 in Armour
   147 | D        | Reached skill level 5 in Shields
   147 | D        | Reached skill level 1 in Evocations
   147 | D        | Killed a deep elf zephyrmancer
   150 | D        | Killed a deep elf pyromancer
   151 | D        | Reached skill level 6 in Shields
   151 | D        | Reached skill level 5 in Invocations
   151 | D        | Reached XP level 9. HP: 42/73 MP: 6/11
   154 | D        | Killed a +1 battleaxe of venom
   155 | D        | Reached skill level 15 in Maces & Flails
   359 | D        | Entered arena 5.
   359 | D        | Found the ring of the Tortoise {AC+8}
   359 | D        | Noticed a two-headed ogre
   359 | D        | Noticed a troll
   359 | D        | Noticed a two-headed ogre
   359 | D        | Found a transporter.
   367 | D        | Killed a troll
   367 | D        | Reached *** piety under Makhleb
   368 | D        | Reached skill level 7 in Shields
   371 | D        | Killed a two-headed ogre
   371 | D        | Killed a two-headed ogre
   371 | D        | Reached **** piety under Makhleb
   372 | D        | Reached skill level 9 in Shields
   372 | D        | Reached XP level 10. HP: 82/83 MP: 12/14
   392 | D        | Entered arena 6.
   392 | D        | Found a transporter.
   395 | D        | Reached skill level 10 in Fighting
   399 | D        | Reached skill level 10 in Shields
   415 | D        | Got the +9 hand axe of Woettydgh {distort, rElec rPois rN+
                  | MP-9}
   421 | D        | Entered arena 7.
   421 | D        | Noticed a deep elf archer
   421 | D        | Noticed a +0 halberd of venom
   421 | D        | Noticed a deep elf archer
   421 | D        | Noticed a deep elf pyromancer
   421 | D        | Noticed a deep elf knight
   421 | D        | Paralysed by an air elemental for 1 turns
   422 | D        | Found a transporter.
   430 | D        | Killed a deep elf pyromancer
   430 | D        | Reached ***** piety under Makhleb
   431 | D        | Reached skill level 11 in Shields
   437 | D        | Killed a deep elf archer
   437 | D        | Killed a deep elf knight
   438 | D        | Reached skill level 13 in Shields
   448 | D        | Killed a deep elf archer
   448 | D        | Killed a +0 halberd of venom
   449 | D        | Reached skill level 15 in Shields
   795 | D        | Got the Reference Book on the Birds
   810 | D        | Entered arena 8.
   816 | D        | Reached XP level 11. HP: 54/91 MP: 16/16
   817 | D        | Found a transporter.
   819 | D        | Reached skill level 16 in Shields
   820 | D        | Reached ****** piety under Makhleb
  1114 | D        | Entered arena 9.
  1114 | D        | Noticed a fire crab
  1114 | D        | Noticed a shining eye
  1117 | D        | Found a transporter.
  1119 | D        | Killed a shining eye
  1119 | D        | Gained mutation: You tend to lose your temper in combat. [a
                  | neqoxec]
  1121 | D        | Gained mutation: You often lose your temper in combat. [a
                  | neqoxec]
  1123 | D        | Killed a fire crab
  1124 | D        | Reached skill level 17 in Shields
  1145 | D        | Reached XP level 12. HP: 100/100 MP: 17/17
  1147 | D        | Entered arena 10.
  1148 | D        | Found a transporter.
  1161 | D        | Reached skill level 10 in Armour
  1161 | D        | Reached skill level 18 in Shields
  1174 | D        | Reached skill level 19 in Shields
  1240 | D        | Entered arena 11.
  1241 | D        | Found a transporter.
  1273 | D        | Entered arena 12.
  1273 | D        | Noticed an iron golem
  1273 | D        | Noticed an iron golem
  1273 | D        | Noticed a crystal guardian
  1273 | D        | Noticed an iron golem
  1274 | D        | Noticed a crystal guardian
  1274 | D        | Noticed a crystal guardian
  1278 | D        | Noticed a green death
  1278 | D        | HP: 5/103 [crystal guardian/crystal bolt (5)]
  1280 | D        | Killed from afar by a crystal guardian

Illustrated notes

Levels and vault maps discovered:
D:        sprint_v [room_start, room_1, room_2, room_3, room_4, room_5, room_6,
          room_7, room_8, room_9, room_10, room_11, room_12, room_13, room_14,
          room_15, room_16, room_17, room_18, room_19, room_20, room_21,
          room_22, room_23, room_24, room_25, room_26, room_27]

Skill      XL: |  1  2  3  4  5  6  7  8  9 10 11 12 |
---------------+-------------------------------------+-----
Fighting       | 3 5 6 7 8 9 11 12 13 | 13.0
Maces & Flails | 6 9 11 12 14 16 17 18 | 18.6
Throwing       | 3 4 5 6 |  6.4
Dodging        | 6 8 9 11 12 13 14 | 14.2
Armour         | 3 4 6 7 8 9 10 | 10.7
Shields        | 3 4 6 9 15 17 19 | 19.7
Invocations    | 2 3 5 6 8 9 |  9.9
Evocations     | 1 2 3 |  3.2
Short Blades   | |  0.3
Long Blades    | |  0.3
Axes           | |  0.9
Polearms       | |  0.3
Staves         | |  0.3
Slings         | |  0.8
Bows           | |  0.8
Crossbows      | |  0.3
Stealth        | |  0.5
Unarmed Combat | |  0.3
Spellcasting   | |  0.3
Conjurations   | |  0.1
Hexes          | |  0.1
Summonings     | |  0.1
Necromancy     | |  0.1
Translocations | |  0.4
Transmutations | |  0.1
Fire Magic     | |  0.4
Ice Magic      | |  0.1
Air Magic      | |  0.1
Earth Magic    | |  0.1
Poison Magic   | |  0.1

Action                   |  1- 3 |  4- 6 |  7- 9 | 10-12 || total
-------------------------+-------+-------+-------+-------++-------
Melee: Shillelagh        |     5 |     5 |    20 |    64 ||    94
       Headbutt          |     2 |     1 |    11 |    13 ||    27
Invok: Greater Servant o |       |       |       |     1 ||     1
Evoke: Wand              |       |     1 |       |     4 ||     5
       Lightning rod     |       |       |     1 |     6 ||     7
       Condenser vane    |       |       |       |     1 ||     1
  Use: Potion            |       |       |       |     6 ||     6
Armor: Plate armour      |       |     2 |     8 |    27 ||    37
Dodge: Dodged            |       |     1 |     3 |     9 ||    13
Block: Kite shield       |     2 |     6 |    23 |   102 ||   133

Table legend: (Time is in decaauts)
 A = Elapsed time spent in this place.
 B = Non-inter-level travel time spent in this place.
 C = Inter-level travel time spent in this place.
 D = Time resting spent in this place.
 E = Time spent auto-exploring this place.
 F = Levels seen in this place.
 G = Mean time per level.
                   A        B        C        D        E       F      G
               +--------+--------+--------+--------+--------+-----+--------+
         Total |   1254 |   1254 |      0 |    831 |      0 |   1 | 1254.0 |
       Dungeon |   1254 |   1254 |      0 |    831 |      0 |   1 | 1254.0 |
               +--------+--------+--------+--------+--------+-----+--------+

Top non-repeatable levels by time:
       D: 1254 daAuts
